 Dungeon Crawl Stone Soup version 0.24-a0-441-g27f0392e16 (webtiles) character file.

Game seed: 3609917575781699581

42 Iscandelvey the Vexing (level 3, -3/26 HPs)
             Began as a Demonspawn Arcane Marksman on June 19, 2019.
             Slain by Terence
             ... wielding a +0 morningstar
              (5 damage)
             ... on level 2 of the Dungeon.
             The game lasted 00:00:38 (723 turns).

Iscandelvey the Vexing (Demonspawn Arcane Marksman)  Turns: 723, Time: 00:00:38

Health: -3/26      AC:  2    Str: 10    XL:     3   Next: 35%
Magic:  4/4        EV: 12    Int: 15    God:
Gold:   51         SH:  0    Dex: 13    Spells: 3/4 levels left

rFire    . . .     SeeInvis .   a - +0 hunting sling
rCold    . . .     Gourm    .   (no shield)
rNeg     . . .     Faith    .   e - +0 robe
rPois    .         Spirit   .   (no helmet)
rElec    .         Reflect  .   (no cloak)
rCorr    .         Harm     .   (no gloves)
MR       .....                  (no boots)
Stlth    +.........             (no amulet)
HPRegen  0.08/turn              (no ring)
MPRegen  0.09/turn              (no ring)

@: no status effects
A: demonic guardian 1
a: no special abilities


You were on level 2 of the Dungeon.
You were not hungry.

You visited 1 branch of the dungeon, and saw 2 of its levels.

You collected 51 gold pieces.

Inventory:

Hand Weapons
 a - a +0 hunting sling (weapon)
Missiles
 d - 21 sling bullets (quivered)
 h - 53 stones
Armour
 e - a +0 robe (worn)
Jewellery
 o - an uncursed ring of protection from magic {unknown}
Scrolls
 c - a scroll of teleportation {unknown}
 g - 2 scrolls of identify {unknown}
 i - a scroll of blinking {unknown}
 j - a scroll of fear {unknown}
 k - a scroll of enchant weapon {unknown}
 n - a scroll of remove curse {unknown}
Potions
 b - a potion of cancellation {unknown}
 l - a potion of agility {unknown}
 m - a potion of degeneration {unknown}
Comestibles
 f - 4 rations


   Skills:
 + Level 1.1 Fighting
 + Level 2.5 Slings
 + Level 2.0 Dodging
 + Level 1.0 Spellcasting
 + Level 3.6 Hexes


You had 3 spell levels left.
You knew the following spells:

 Your Spells              Type           Power        Failure   Level  Hunger
a - Corona                Hex            ##.....      5%          1    ##.....

Your spell library contained the following spells:

 Spells                   Type           Power        Failure   Level  Hunger
 Slow                     Hex            ##......     9%          2    ###....
 Inner Flame              Hex/Fire       #.......     34%         3    ####...
 Portal Projectile        Hex/Tloc       #.....       34%         3    ####...
 Cause Fear               Hex            ##........   47%         4    #####..
 Leda's Liquefaction      Hex/Erth       #.........   75%         4    #####..


Dungeon Overview and Level Annotations

Branches:
Dungeon (2/15)

Altars:

Annotations:
D:2 Terence


Innate Abilities, Weirdness & Mutations

A weak demonic guardian rushes to your aid.


Message History

* * * LOW HITPOINT WARNING * * *
Firing (i - inventory. (/) - cycle)
d - 24 sling bullets (quivered)
Press: ? - help, Shift-Dir - straight line, f/p - Terence
Aim: Terence, wielding a +0 morningstar, wearing a +3 scale mail of cold resistance and carrying a wand of flame (11) (heavily wounded)
You shoot a sling bullet.
The sling bullet closely misses Terence.
Terence hits you with a +0 morningstar.
* * * LOW HITPOINT WARNING * * *
Firing (i - inventory. (/) - cycle)
d - 23 sling bullets (quivered)
Press: ? - help, Shift-Dir - straight line, f/p - Terence
Aim: Terence, wielding a +0 morningstar, wearing a +3 scale mail of cold resistance and carrying a wand of flame (11) (heavily wounded)
You shoot a sling bullet.
The sling bullet completely misses Terence.
Terence closely misses you.
Firing (i - inventory. (/) - cycle)
d - 22 sling bullets (quivered)
Press: ? - help, Shift-Dir - straight line, f/p - Terence
Aim: Terence, wielding a +0 morningstar, wearing a +3 scale mail of cold resistance and carrying a wand of flame (11) (heavily wounded)
You shoot a sling bullet. The sling bullet barely misses Terence.
Terence hits you with a +0 morningstar.
You die...

#. #. #. ########
#. #....... #.
#.###.## # #.
#######.# #.#
.((.##.####.......#
#.#
(..((.@@....#######
#.# ###.......###
#.# #.#####.# #.#
#.# #.# #.# #.# #.#
#.# #.#
#####.#####.##
#............#
#.#####...##.#


You could see Terence.

Vanquished Creatures
  An adder (D:2)
  2 oozes
  2 giant cockroaches
  6 goblins
  3 hobgoblins
  2 kobolds
  2 bats
  A frilled lizard (D:2)
  5 rats
24 creatures vanquished.

Notes
Turn   | Place    | Note
-------+----------+-------------------------------------------
     0 | D:1      | Iscandelvey the Demonspawn Arcane Marksman began the quest
                  | for the Orb.
     0 | D:1      | Reached XP level 1. HP: 15/15 MP: 2/2
    99 | D:1      | Gained mutation: A weak demonic guardian rushes to your
                  | aid. [demonic ancestry]
    99 | D:1      | Reached XP level 2. HP: 21/21 MP: 3/3
   251 | D:1      | You fall into a shaft and drop 1 floor!
   302 | D:2      | Reached XP level 3. HP: 14/26 MP: 4/4
   709 | D:2      | Noticed Terence
   721 | D:2      | HP: 1/26 [Terence/+0 morningstar (4)]
   723 | D:2      | Slain by Terence

Levels and vault maps discovered:
D:1:      psy_arrival_radial02, layout_basic, dk_noncrumbling_3
D:2:      layout_loops_ring, uniq_jessica, uniq_terence

Skill      XL: |  1  2 |
---------------+-------+-----
Slings         | 2 |  2.5
Dodging        | 2 |  2.0
Fighting       | |  1.1
Spellcasting   | |  1.0
Hexes          | |  3.6

Action                   || total
-------------------------++-------
 Fire: Hunting sling     ||    71
Armor: Robe              ||     1
Dodge: Dodged            ||    10

Table legend:
 A = Non-vault XP
 B = Vault XP
 C = Vault XP percentage of total XP
 D = Non-vault monster count
 E = Vault monster count
 F = Vault count percentage of total count
                 A         B        C        D         E       F
            +---------+---------+-------+---------+---------+-------
      Total |      61 |       0 |   0.0 |      24 |       0 |   0.0
            +---------+---------+-------+---------+---------+-------
        D:1 |      30 |       0 |   0.0 |      15 |       0 |   0.0
        D:2 |      31 |       0 |   0.0 |       9 |       0 |   0.0
            +---------+---------+-------+---------+---------+-------
